Map: Buried Caverns

Players

bkcfunk

  • Race: Terran Terran
  • Spawn Location: 9:00

xsm

  • Race: Terran Terran
  • League: Platinum
  • Spawn Location: 7:00

HOS

  • Race: Protoss Protoss
  • Spawn Location: 9:00

Throwfordays - Winner!

  • Race: Zerg Zerg
  • League: Silver
  • Spawn Location: 3:00

Cthulhu - Winner!

  • Race: Terran Terran
  • Spawn Location: 5:00

Faust - Winner!

  • Race: Zerg Zerg
  • League: Diamond
  • Spawn Location: 3:00

VOD

Have the link to the VOD?

Description

Time

  • Played on: March 23, 2019, 12:09 a.m.
  • Length: 22:23
Show
View Real Time Build Order
Export as new Build Order

bkcfunk Terran 

Build Orders:  

Get SALT Encoding   

  12  0:03  SCV  
  13  0:16  SCV  
  14  0:28  SCV  
  15  0:32  Supply Depot  
  15  0:49  Refinery  
  15  0:58  Barracks  
  15  1:00  SCV  
  16  1:12  SCV  
  17  1:19  Supply Depot  
  17  1:24  SCV  
  18  1:30  Refinery  
  18  1:36  SCV  
  19  1:48  SCV  
  20  2:01  Factory  
  20  2:04  SCV  
  21  2:13  Marine  
  22  2:16  SCV  
  23  2:28  SCV, Supply Depot  
  24  2:31  Marine  
  25  2:40  SCV  
  26  2:45  Factory Tech Lab  
  26  2:48  Starport  
  26  2:49  Marine  
  27  2:52  SCV  
  28  3:02  Command Center  
  28  3:13  Siege Tank  
  30  3:25  Marine  
  31  3:59  Orbital Command  
  31  4:03  Supply Depot  
  31  4:10  Supply Depot  
  31  4:14  Siege Tank  
  31  4:17  Refinery  
  34  4:34  Factory  
  31  4:46  Siege Tank  
  34  5:18  Siege Tank  
  38  5:31  Orbital Command  
  30  6:06  Supply Depot  
  30  6:08  Factory Tech Lab  
  30  6:11  Starport Reactor  
  30  6:18  Supply Depot  
  30  6:23  SCV, Starport  
  31  6:35  SCV  
  32  6:42  Engineering Bay  
  32  6:47  SCV  
  33  7:00  SCV  
  34  7:09  Refinery  
  34  7:12  SCV  
  35  7:17  Hellion  
  35  7:18  Hellion  
  35  7:22  Infernal Pre-Igniter  
  39  7:24  SCV  
  40  7:36  SCV  
  41  7:39  Hellion x2  
  41  7:40  Starport Reactor  
  45  7:48  SCV  
  46  8:00  Hellion  
  46  8:01  Hellion  
  50  8:11  Starport  
  50  8:20  SCV  
  51  8:32  SCV  
  52  9:20  Missile Turret  
  52  9:49  Factory Tech Lab, Starport Tech Lab  
  49  10:06  Missile Turret  
  49  10:07  Starport Tech Lab  
  41  10:22  Siege Tank x2  
  39  10:54  Siege Tank x2  
  44  11:09  Banshee x2  
  50  11:18  Starport  
  50  11:20  Starport Tech Lab  
  50  11:26  Siege Tank x2  
  56  11:36  Command Center  
  56  11:52  Banshee x2  
  62  11:58  Siege Tank x2  
  68  12:33  Cloaking Field  
  68  12:42  Banshee  
  68  12:43  Siege Tank x2  
  77  12:47  Banshee x2, Supply Depot  
  77  12:48  Starport Tech Lab  
  83  13:09  Supply Depot  
  83  13:15  Siege Tank  
  86  13:25  Banshee  
  89  13:30  Banshee x2  
  89  13:31  Hyperflight Rotors  
  89  13:32  Supply Depot  
  95  13:34  SCV  
  96  13:43  Missile Turret  
  96  13:46  SCV  
  97  13:58  SCV  
  98  14:04  Missile Turret  
  98  14:08  Banshee  
  100  14:10  SCV  
  100  14:13  Banshee x2  
  107  14:17  Missile Turret  
  107  14:26  Hi-Sec Auto Tracking  
  107  14:28  Banshee, Missile Turret  
  110  14:32  Orbital Command  
  110  14:39  Missile Turret  
  110  14:51  Banshee, Missile Turret  
  113  14:56  Banshee x2  
  113  14:59  SCV  
  120  15:03  Missile Turret  
  120  15:11  Banshee, SCV  
  124  15:23  SCV  
  124  15:26  Refinery  
  125  15:32  Refinery  
  125  15:46  Supply Depot  
  125  15:48  Supply Depot x2  
  125  16:07  Banshee x2  
  125  16:08  SCV  
  125  16:09  Banshee x2, Supply Depot  
  135  16:12  Supply Depot  
  108  16:50  Banshee  
  108  16:52  Banshee  
  75  17:17  Banshee x2  
  75  17:27  SCV  
  76  17:33  Banshee  
  76  17:35  Banshee  
  67  17:39  SCV  
  63  17:51  SCV  
  57  18:03  SCV  
  58  18:14  Command Center  
  58  18:15  SCV  
  62  18:34  Medivac x4  
  61  19:04  Medivac x4  
  61  19:05  Refinery  
  69  19:11  Refinery  
  69  19:40  Siege Tank x2  
  68  20:12  Siege Tank  
  68  20:13  Siege Tank  
  74  20:19  Orbital Command  
  43  21:10  SCV  
  16  21:22  SCV  
  7  21:34  SCV  
  4  21:46  SCV  
Show
View Real Time Build Order
Export as new Build Order

xsm Terran 

Build Orders:  

Get SALT Encoding   

  12  0:01  SCV  
  13  0:13  SCV  
  14  0:20  Supply Depot  
  14  0:25  SCV  
  15  0:43  Barracks  
  15  0:49  Barracks  
  15  0:51  SCV  
  16  1:03  SCV  
  17  1:12  Barracks  
  17  1:16  SCV  
  18  1:27  Barracks  
  18  1:41  Barracks  
  18  1:53  Barracks  
  18  2:00  Barracks  
  18  2:10  Supply Depot  
  18  2:13  Marine  
  19  2:17  Marine  
  19  2:20  Marine  
  21  2:30  Supply Depot  
  21  2:37  Marine x2  
  21  2:40  Marine  
  24  2:50  Supply Depot  
  24  2:52  Marine  
  24  2:55  Marine  
  24  2:58  Marine  
  26  3:00  Marine  
  26  3:04  Marine  
  29  3:08  Marine  
  30  3:20  Marine  
  30  3:21  Marine x3  
  34  3:37  Marine x2  
  34  3:38  Marine x3  
  39  3:54  Marine x2  
  39  3:55  Marine x2  
  23  4:46  Orbital Command  
  23  4:48  Marine x3  
  23  4:49  Marine x4  
  29  5:06  Marine x2  
  27  5:22  Marine  
  27  5:23  Marine x2  
  30  5:42  Marine x5  
  33  5:43  Marine x2  
  37  6:00  Marine x2  
  39  6:28  Marine x5, Refinery  
  39  6:31  Marine x2  
  46  6:37  Refinery  
  46  6:43  Engineering Bay  
  46  6:45  Marine  
  47  7:00  Supply Depot  
  47  7:02  Supply Depot  
  47  7:05  Supply Depot  
  47  7:21  Marine x7  
  54  7:48  Marine x4  
  54  7:49  Marine x3  
  61  7:53  Supply Depot  
  61  8:06  Marine x6  
  61  8:07  Marine  
  68  8:24  Marine x3  
  64  9:08  Supply Depot  
  64  9:24  Marine x7  
  71  9:35  Supply Depot  
  71  9:41  Marine  
  71  9:42  Marine x6  
  78  9:59  Marine x2  
  79  10:00  Marine x5  
  85  10:17  Marine x3  
  85  10:18  Marine x4  
  85  10:35  Marine x3  
  33  11:35  Missile Turret  
  33  11:54  Barracks Reactor x4  
  33  12:11  Missile Turret  
  32  18:23  Marine  
  32  18:24  Marine x8  
  32  18:25  Marine x2  
  43  18:41  Marine x2  
  43  18:42  Marine x7  
  43  18:43  Marine x2  
  54  18:59  Marine x4  
  54  19:00  Marine x4  
  46  20:55  Marine x4  
  46  20:56  Marine x7  
  11  21:13  Marine x7  
  11  21:14  Marine x2  
Show
View Real Time Build Order
Export as new Build Order

HOS Protoss 

Build Orders:  

Get SALT Encoding   

  12  0:02  Probe  
  13  0:10  Probe  
  14  0:21  Pylon  
  14  0:27  Assimilator  
  14  0:33  Probe  
  15  0:44  Forge  
  15  0:48  Probe  
  16  0:58  Probe  
  17  1:06  Probe  
  17  1:10  Assimilator  
  18  1:14  Probe  
  18  1:15  Pylon  
  19  1:30  Photon Cannon  
  19  1:40  Photon Cannon  
  19  1:53  Gateway  
  19  2:23  Nexus  
  19  2:36  Pylon  
  19  2:49  Cybernetics Core  
  19  2:59  Photon Cannon  
  19  3:00  Probe  
  20  3:08  Probe  
  20  3:12  Zealot  
  23  3:41  Photon Cannon  
  23  3:47  Photon Cannon  
  23  3:53  Stargate  
  23  3:59  Probe  
  23  4:04  Probe  
  23  4:08  Probe  
  25  4:13  Probe  
  27  4:17  Probe  
  27  4:22  Probe  
  28  4:29  Probe  
  30  4:34  Probe  
  31  4:39  Void Ray  
  31  4:41  Probe  
  36  4:47  Probe  
  37  4:59  Stargate  
  37  5:05  Pylon x2  
  37  5:10  Photon Cannon  
  37  5:16  Shield Battery  
  37  5:19  Pylon  
  37  5:24  Void Ray, Stargate  
  41  5:34  Probe  
  42  5:37  Assimilator  
  40  5:47  Void Ray  
  41  6:07  Photon Cannon, Void Ray  
  41  6:10  Pylon  
  41  6:11  Void Ray  
  49  6:19  Robotics Facility  
  49  6:25  Stargate  
  49  6:32  Assimilator  
  49  6:33  Probe  
  49  6:38  Void Ray  
  54  6:45  Pylon, Probe  
  55  6:51  Stargate  
  55  6:57  Void Ray, Probe  
  55  7:00  Photon Cannon  
  60  7:16  Observer  
  60  7:20  Void Ray  
  65  7:44  Void Ray  
  65  7:46  Void Ray  
  73  7:54  Protoss Air Weapons Level 1  
  73  8:11  Void Ray  
  77  8:15  Void Ray  
  81  9:07  Observer  
  82  9:29  Pylon  
  82  9:30  Pylon  
  82  9:48  Void Ray  
  82  9:51  Void Ray  
  86  9:53  Photon Cannon  
  86  10:06  Photon Cannon x2  
  86  10:08  Shield Battery  
  77  10:54  Void Ray  
  45  11:28  Stargate x2  
  45  11:45  Pylon  
  45  11:46  Pylon  
  45  11:48  Pylon  
  45  11:50  Nexus  
  45  12:17  Photon Cannon  
  45  12:19  Photon Cannon, Void Ray x3  
  45  12:21  Photon Cannon  
  57  12:23  Photon Cannon  
  57  12:25  Photon Cannon  
  57  12:27  Photon Cannon  
  57  12:28  Stargate  
  57  12:30  Stargate  
  57  12:35  Stargate x2  
  57  12:39  Assimilator  
  57  12:40  Photon Cannon  
  57  12:42  Photon Cannon  
  57  12:45  Assimilator, Probe  
  57  12:49  Protoss Air Armor Level 1  
  58  12:57  Probe  
  59  12:59  Probe  
  59  13:05  Fleet Beacon, Probe  
  60  13:07  Probe  
  60  13:09  Probe  
  63  13:13  Void Ray, Probe  
  63  13:14  Void Ray x4  
  63  13:17  Probe  
  85  13:20  Void Ray  
  85  13:21  Probe  
  85  13:22  Probe  
  91  13:29  Probe  
  91  13:33  Probe  
  93  13:34  Probe  
  93  13:40  Pylon  
  94  13:41  Probe  
  94  13:46  Probe  
  96  14:06  Void Ray x2  
  96  14:07  Void Ray  
  96  14:09  Observer  
  109  14:36  Observer  
  110  14:43  Tempest x3  
  125  14:46  Pylon  
  121  15:23  Tempest  
  121  15:24  Tempest  
  121  15:25  Tempest  
  120  16:06  Tempest x2  
  120  16:07  Tempest x2  
  95  16:38  Void Ray x3  
  64  16:49  Void Ray x2  
  62  17:15  Photon Cannon  
  52  17:17  Photon Cannon  
  52  17:18  Photon Cannon  
  52  17:20  Photon Cannon  
  52  17:21  Photon Cannon  
  52  17:26  Shield Battery  
  52  17:35  Probe  
  53  17:47  Probe  
  54  17:52  Probe  
  55  17:59  Probe  
  55  18:00  Probe  
  57  18:10  Probe  
  58  18:22  Tempest  
  58  18:23  Probe  
  63  18:31  Probe  
  64  18:39  Probe  
  66  18:41  Probe  
  66  18:48  Probe  
  68  18:56  Probe  
  68  19:01  Carrier  
  75  19:06  Probe  
  76  19:18  Probe  
  65  19:45  Void Ray x2  
  73  19:47  Protoss Air Armor Level 2  
  73  20:40  Carrier  
  79  20:59  Probe  
  80  21:11  Probe  
  80  21:23  Probe  
  81  21:35  Probe  
  82  21:47  Probe  
Show
View Real Time Build Order
Export as new Build Order

Throwfordays Zerg - Winner!

Build Orders: Hatch First 

Get SALT Encoding   

  12  0:06  Drone  
  13  0:09  Drone  
  14  0:37  Hatchery  
  14  0:38  Drone  
  14  0:46  Overlord  
  14  1:03  Spawning Pool  
  13  1:06  Drone  
  14  1:12  Drone  
  14  1:15  Drone  
  16  1:38  Hatchery  
  15  1:41  Drone  
  15  1:45  Drone  
  17  1:49  Drone  
  17  1:53  Zergling x2  
  19  2:02  Queen  
  19  2:05  Extractor  
  19  2:07  Drone  
  21  2:16  Queen  
  21  2:22  Drone  
  24  2:24  Drone  
  24  2:27  Drone  
  24  2:29  Drone  
  27  2:32  Drone  
  28  2:42  Overlord  
  28  2:52  Drone  
  28  2:53  Drone  
  28  2:57  Queen  
  28  2:58  Drone  
  33  3:02  Overlord  
  33  3:06  Drone  
  33  3:11  Drone x2  
  36  3:13  Drone x2  
  36  3:18  Drone x2  
  40  3:25  Baneling Nest  
  39  3:29  Drone x2  
  41  3:37  Roach Warren  
  40  3:44  Evolution Chamber  
  40  3:45  Zergling x2  
  40  3:46  Zergling x4  
  40  3:48  Zergling x6  
  45  3:52  Zergling x4  
  47  3:56  Zergling x4  
  47  4:00  Overlord  
  49  4:05  Metabolic Boost  
  49  4:12  Baneling x3  
  49  4:16  Extractor, Drone  
  49  4:17  Drone  
  50  4:19  Baneling  
  50  4:24  Zergling x2  
  50  4:25  Zergling x4  
  50  4:28  Overlord  
  50  4:29  Zergling x4  
  55  4:32  Zergling x6  
  55  4:38  Overlord x2  
  58  5:16  Drone x3  
  61  5:21  Zerg Melee Weapons Level 1  
  61  5:22  Evolution Chamber  
  61  5:25  Drone x6  
  66  5:30  Drone x5  
  66  5:35  Extractor  
  65  5:37  Extractor  
  53  5:51  Zerg Missile Weapons Level 1  
  53  5:53  Roach x3  
  53  5:54  Roach x2  
  60  5:59  Drone  
  60  6:02  Extractor  
  60  6:03  Extractor, Drone  
  60  6:04  Drone x4  
  63  6:09  Drone  
  63  6:10  Drone x2  
  68  6:11  Drone x3  
  70  6:25  Spore Crawler  
  69  6:27  Roach x4  
  69  6:28  Roach  
  79  6:33  Spore Crawler  
  79  6:34  Drone x3  
  79  6:36  Drone  
  79  6:39  Overlord x2  
  82  6:44  Overlord x3  
  82  6:50  Spore Crawler, Drone  
  82  7:04  Lair  
  82  7:07  Drone x2  
  84  7:08  Drone  
  84  7:10  Drone x2  
  87  7:16  Zerg Ground Armor Level 1  
  87  7:17  Roach x6  
  87  7:22  Drone x3  
  102  7:24  Roach x3  
  108  7:34  Roach x3  
  114  7:37  Roach  
  116  7:49  Evolution Chamber  
  115  7:57  Roach x3  
  121  8:01  Overlord x2  
  121  8:07  Overlord x3  
  121  8:12  Overlord x4  
  121  8:22  Zerg Missile Weapons Level 2  
  121  8:23  Zerg Melee Weapons Level 2  
  121  8:29  Roach x4  
  129  8:35  Roach x2  
  129  8:39  Roach x4  
  129  8:40  Roach x2  
  145  8:42  Glial Reconstitution  
  145  8:43  Centrifical Hooks  
  145  8:58  Hydralisk Den  
  148  9:10  Roach x6  
  148  9:14  Roach x2  
  148  9:15  Roach  
  162  9:22  Infestation Pit  
  161  9:39  Hydralisk x2  
  161  9:42  Hydralisk x3  
  171  9:46  Hydralisk x4  
  171  9:47  Hydralisk  
  181  9:56  Grooved Spines  
  181  9:57  Hydralisk  
  181  9:58  Hydralisk x3  
  189  10:00  Tunneling Claws, Hydralisk x2  
  91  11:07  Muscular Augments  
  91  11:11  Hydralisk x3  
  81  11:13  Hydralisk x3  
  81  11:17  Hydralisk x5  
  81  11:18  Hydralisk  
  101  11:28  Zerg Ground Armor Level 2  
  101  11:30  Hive  
  101  11:41  Hydralisk x2  
  101  11:46  Hatchery  
  104  11:47  Hydralisk x3  
  104  11:52  Hydralisk x2  
  104  11:53  Hydralisk  
  116  12:26  Hatchery  
  115  12:33  Extractor  
  114  12:41  Hydralisk x5  
  124  12:45  Hydralisk x3  
  124  12:48  Extractor  
  124  12:49  Hydralisk x4  
  124  12:50  Hydralisk  
  139  12:54  Extractor  
  138  12:59  Zerg Missile Weapons Level 3  
  138  13:00  Extractor, Zerg Melee Weapons Level 3  
  137  13:18  Hydralisk x2  
  137  13:19  Hydralisk x4  
  149  13:22  Hydralisk x5  
  149  13:26  Hydralisk x2  
  149  13:27  Hydralisk x4  
  171  13:34  Queen  
  171  13:36  Drone x3  
  171  13:39  Drone  
  177  13:42  Queen  
  179  13:49  Zerg Ground Armor Level 3  
  179  14:18  Drone x3  
  182  14:24  Drone x3  
  182  14:28  Drone x2  
  182  14:29  Drone x4  
  191  14:46  Drone x8  
  199  16:07  Spore Crawler  
  199  16:09  Spore Crawler  
  69  17:03  Queen  
  69  17:04  Drone x3  
  69  17:05  Drone x2  
  69  17:06  Queen  
  69  17:07  Drone x2  
  69  17:08  Drone x3  
  71  17:12  Hydralisk x3  
  60  17:19  Hydralisk x3  
  56  17:22  Hydralisk  
  56  17:23  Hydralisk x7  
  70  17:33  Queen  
  70  17:36  Queen  
  74  17:43  Drone x3  
  77  17:46  Drone x3  
  80  18:14  Queen  
  80  18:17  Drone x3  
  85  18:23  Spire  
  85  18:25  Spire  
  85  18:26  Drone  
  85  18:27  Drone x2  
  86  18:34  Drone x2  
  86  18:35  Drone  
  86  18:36  Drone  
  86  18:38  Drone  
  91  18:41  Drone x2  
  91  18:42  Drone  
  91  18:43  Drone x2  
  96  18:52  Drone  
  97  18:56  Drone  
  97  19:02  Drone x3  
  101  19:06  Drone x2  
  101  19:07  Drone  
  104  19:10  Drone x2  
  104  19:11  Drone x3  
  109  19:37  Greater Spire  
  109  19:38  Zerg Flyer Weapons Level 1  
  109  20:00  Extractor  
  108  20:11  Zergling x12  
  108  20:12  Zergling x2  
  108  20:14  Zergling x12  
  117  20:15  Zergling x6  
  117  20:16  Adrenal Glands  
  117  20:20  Zergling x4  
  117  20:21  Zergling x8  
  130  20:30  Corruptor x6  
  130  20:31  Corruptor x3  
  148  20:39  Baneling x5  
  148  20:40  Baneling x7  
  148  20:41  Baneling x8  
  148  20:42  Baneling x7  
  148  20:43  Baneling x5  
  148  20:51  Corruptor x4  
  149  21:43  Corruptor x3  
  154  21:47  Corruptor x5  
Show
View Real Time Build Order
Export as new Build Order

Cthulhu Terran - Winner!

Build Orders: 2 Factory 

Get SALT Encoding   

  12  0:01  SCV  
  13  0:13  SCV  
  14  0:21  Supply Depot  
  14  0:27  SCV  
  15  0:42  SCV  
  16  0:43  Barracks  
  16  0:54  SCV  
  17  1:08  Refinery  
  17  1:13  Supply Depot  
  17  1:14  Refinery, SCV  
  18  1:34  Marine  
  18  1:38  Orbital Command  
  19  1:58  Marine  
  20  2:03  Factory  
  20  2:12  SCV, Ghost Academy  
  21  2:20  Marine  
  21  2:24  SCV  
  22  2:41  Marine  
  22  2:44  SCV  
  24  2:45  Supply Depot  
  24  2:55  Factory  
  24  2:58  Hellion  
  26  3:05  SCV, Armory  
  27  3:06  Barracks Tech Lab  
  27  3:17  SCV  
  28  3:26  Ghost  
  30  3:28  Hellion  
  32  3:40  Hellion  
  34  3:55  Ghost  
  36  4:02  Hellion  
  38  4:11  Command Center  
  38  4:12  Factory Reactor  
  25  4:54  Engineering Bay, Hellion x2, Factory Tech Lab  
  29  5:09  Ghost  
  29  5:11  SCV  
  32  5:18  Hellion x3  
  38  5:22  Terran Infantry Weapons Level 1  
  38  5:50  Orbital Command  
  38  5:51  Personal Cloaking  
  38  5:55  Hellion x2  
  42  6:04  Infernal Pre-Igniter  
  42  6:10  Refinery  
  42  6:13  Refinery  
  42  6:32  Hellion x3  
  48  6:37  SCV x2  
  50  6:49  Ghost Academy  
  50  6:53  Hellion  
  52  6:55  SCV x2  
  54  7:10  Starport  
  54  7:16  Nuke  
  54  7:21  Nuke  
  54  7:32  Supply Depot x2  
  54  7:35  Supply Depot  
  54  7:47  Smart Servos  
  54  7:53  SCV x2, Ghost  
  54  7:54  Hellion  
  72  8:27  Nuke, Medivac x2  
  64  8:57  Viking x2  
  64  8:59  Nuke  
  72  9:02  Hellion  
  72  9:03  Hellion  
  72  9:24  Hellion x2  
  76  9:38  Nuke  
  76  9:56  Missile Turret  
  76  9:57  Missile Turret x2  
  76  9:58  Missile Turret  
  76  10:03  Missile Turret  
  76  10:16  Missile Turret  
  76  10:17  Sensor Tower  
  76  10:18  Missile Turret  
  76  10:21  Missile Turret  
  56  10:55  Ghost  
  42  11:24  Ghost  
  44  11:34  Hellion  
  46  11:46  Nuke  
  46  11:55  Hellion  
  46  11:56  Nuke  
  46  12:08  Ghost Academy  
  46  12:39  Hellion x3  
  52  13:00  Hellion  
  54  13:07  Supply Depot  
  54  13:19  Nuke  
  54  13:30  Supply Depot  
  54  13:34  Terran Infantry Weapons Level 2  
  54  13:51  Nuke  
  54  13:53  Hellion x2  
  54  13:54  Supply Depot, Hellion  
  58  14:15  Hellion x3  
  64  14:18  Supply Depot  
  64  14:19  Medivac  
  64  14:23  Nuke  
  66  14:36  Hellion x3  
  72  14:49  Medivac  
  72  14:52  Command Center  
  73  14:58  Hellion x3  
  79  15:07  Sensor Tower  
  79  15:27  Missile Turret  
  79  15:50  Terran Infantry Armor Level 1  
  58  17:22  Orbital Command  
  42  17:39  Medivac  
  44  17:49  Hellion x3  
  50  18:13  Terran Infantry Armor Level 2  
  50  18:16  Terran Vehicle And Ship Armor Level 1  
  50  18:19  Hellion x3  
  56  18:20  Ghost  
  58  18:40  Hellion  
  60  19:23  Nuke x2  
  60  19:27  Orbital Command  
  30  21:28  Nuke x2, Ghost  
  30  21:30  Widow Mine x3  
  38  21:35  Hellion x2  
  38  21:36  SCV  
  39  21:48  SCV  
  39  21:51  Widow Mine x2  
  39  21:52  Widow Mine  
  46  22:00  SCV  
Show
View Real Time Build Order
Export as new Build Order

Faust Zerg - Winner!

Build Orders: Hatch First, Zergling Baneling 

Get SALT Encoding   

  12  0:00  Drone  
  13  0:09  Drone  
  14  0:15  Extractor  
  14  0:16  Drone  
  15  0:23  Overlord  
  15  0:42  Drone x2  
  17  0:58  Drone  
  17  1:01  Extractor  
  17  1:05  Hatchery  
  16  1:19  Drone  
  16  1:21  Spawning Pool  
  16  1:22  Drone  
  17  1:28  Drone  
  17  1:31  Drone  
  19  2:05  Overlord  
  19  2:07  Metabolic Boost  
  19  2:09  Queen  
  19  2:12  Zergling x2  
  22  2:19  Zergling x6, Queen  
  27  2:31  Drone, Baneling Nest  
  27  2:42  Overlord  
  27  2:46  Drone x2  
  29  2:52  Overlord  
  29  3:04  Zergling x6  
  32  3:20  Zergling x4  
  32  3:21  Zergling x6  
  35  3:43  Zergling x2  
  35  3:44  Zergling x8  
  34  3:58  Zergling x2  
  34  3:59  Zergling x8  
  37  4:08  Baneling x4  
  36  4:38  Zergling x16  
  38  4:41  Baneling x4  
  41  4:49  Drone  
  41  4:50  Drone x6  
  48  5:00  Lair  
  48  5:16  Overlord x3  
  34  5:52  Drone  
  34  5:53  Drone x6  
  39  5:59  Hydralisk Den  
  39  6:01  Drone x3  
  39  6:02  Evolution Chamber, Overlord x2  
  39  6:03  Evolution Chamber  
  39  6:19  Hatchery  
  38  6:25  Drone  
  38  6:31  Zergling x12  
  38  6:32  Zergling x6  
  48  6:37  Overseer  
  48  6:52  Zerg Melee Weapons Level 1  
  48  6:55  Extractor  
  48  6:56  Drone x10  
  48  7:00  Extractor  
  56  7:03  Extractor  
  55  7:14  Drone x3  
  58  7:21  Drone x2  
  58  7:22  Drone  
  61  7:27  Drone x2  
  61  7:28  Drone x2  
  65  7:34  Queen  
  65  7:35  Drone  
  65  7:36  Drone x3  
  71  7:55  Spore Crawler  
  70  8:03  Extractor  
  70  8:04  Extractor  
  67  8:10  Drone x3  
  67  8:11  Drone x3  
  73  8:19  Queen  
  73  8:26  Zerg Ground Armor Level 1  
  75  8:31  Infestation Pit  
  75  8:32  Hydralisk  
  75  8:33  Hydralisk x6  
  75  8:34  Hydralisk  
  86  8:37  Drone  
  86  8:39  Drone  
  92  8:49  Zerg Missile Weapons Level 1  
  92  8:52  Drone x2  
  92  8:55  Muscular Augments  
  94  8:57  Hydralisk x2  
  94  8:59  Overlord x6  
  98  9:19  Overlord  
  98  9:34  Hydralisk  
  98  9:35  Hydralisk x14  
  97  9:55  Hydralisk  
  97  9:56  Hydralisk x5  
  76  10:09  Hydralisk  
  76  10:10  Hydralisk x2  
  76  10:11  Hydralisk  
  71  10:18  Hydralisk  
  31  10:55  Hatchery  
  31  10:56  Extractor  
  29  11:14  Lair  
  29  11:17  Spawning Pool  
  28  11:21  Drone x6  
  34  11:47  Hatchery, Drone x3  
  34  11:49  Drone x4  
  34  11:51  Extractor  
  39  12:15  Hive  
  39  12:26  Hydralisk Den  
  38  12:38  Hatchery  
  37  12:47  Drone x4  
  41  12:58  Zerg Missile Weapons Level 2  
  41  13:05  Drone x2  
  43  13:08  Drone  
  43  13:11  Drone  
  45  13:26  Drone x3  
  48  13:27  Drone x3  
  51  13:39  Burrow  
  51  13:43  Drone  
  51  13:44  Drone x5  
  51  13:46  Extractor  
  51  13:47  Drone  
  57  14:05  Drone  
  57  14:06  Drone x2  
  57  14:09  Spore Crawler  
  59  14:13  Drone  
  59  14:14  Drone x8  
  68  14:17  Drone x2  
  68  14:18  Drone  
  71  14:29  Zerg Melee Weapons Level 2  
  71  14:34  Drone  
  71  14:36  Drone x5  
  71  14:37  Drone x4  
  81  14:41  Spore Crawler  
  80  14:52  Queen  
  80  14:53  Hydralisk  
  80  14:54  Hydralisk x4  
  82  15:13  Drone x3  
  85  15:17  Drone, Zerg Missile Weapons Level 3  
  85  15:18  Drone x6  
  92  15:24  Hydralisk x2  
  92  15:25  Hydralisk  
  92  15:26  Hydralisk  
  92  15:28  Grooved Spines  
  99  15:38  Drone x5  
  85  15:53  Drone x2  
  85  15:54  Queen, Drone x2  
  91  15:58  Hatchery  
  91  16:03  Extractor  
  89  16:09  Pneumatized Carapace  
  89  16:11  Overseer  
  89  16:20  Drone x5  
  90  16:36  Drone x4  
  82  16:50  Spore Crawler  
  82  16:53  Spore Crawler, Drone x7  
  87  16:56  Spore Crawler  
  86  17:07  Drone x2  
  88  17:09  Drone x2  
  88  17:10  Drone  
  88  17:13  Spore Crawler  
  90  17:20  Hydralisk x3  
  96  17:26  Zerg Melee Weapons Level 3  
  96  17:29  Hydralisk x2  
  87  17:38  Drone x5  
  87  17:39  Drone x3  
  87  17:42  Spore Crawler  
  89  17:55  Drone x3  
  89  17:57  Drone  
  88  18:08  Drone  
  88  18:09  Drone x6  
  91  18:19  Drone  
  92  18:20  Drone x3  
  92  18:21  Drone x2  
  92  18:23  Spore Crawler x2  
  92  18:27  Spore Crawler, Adrenal Glands  
  94  18:30  Drone x2  
  96  18:35  Hydralisk  
  96  18:36  Hydralisk x7  
  112  18:49  Drone x3  
  112  18:50  Drone  
  116  18:56  Overlord x2  
  116  19:08  Hatchery  
  116  19:09  Hydralisk  
  115  19:10  Hydralisk x5  
  115  19:13  Hatchery  
  115  19:15  Overseer  
  126  19:30  Hydralisk x8  
  142  19:48  Spore Crawler  
  142  19:50  Spore Crawler x2, Drone x4  
  142  19:51  Drone x4  
  147  19:57  Spore Crawler  
  146  20:01  Spore Crawler  
  145  20:08  Zergling x2  
  145  20:09  Zergling x12  
  150  20:27  Zergling x8  
  150  20:28  Zergling x14  
  161  20:35  Baneling Nest  
  116  21:07  Hydralisk x2  
  116  21:08  Hydralisk x13  
  142  21:21  Hydralisk x5  
  148  21:51  Overlord x4  
  148  21:52  Overlord x3  
  109  22:20  Extractor  
Tags
 
Add a new tag
Caveats
  • Supply blocks, unpowered buildings, or Contaminate may cause inaccurate times.
  • Supply counts are checked every 10 seconds.